 Dungeon Crawl Stone Soup version 0.21.1 (webtiles) character file.

3677 Monsterracer the Frost Mage (level 10, 0/63 HPs)
             Began as a Human Ice Elementalist on Feb 4, 2018.
             Was a Believer of Fedhas.
             Slain by an ogre
             ... wielding a +0 giant club
              (18 damage)
             ... on level 8 of the Dungeon.
             The game lasted 00:20:53 (10155 turns).

Monsterracer the Frost Mage (HuIE)                 Turns: 10155, Time: 00:20:53

Health: 0/63       AC: 17    Str:  8    XL:     10   Next: 34%
Magic:  17/28      EV: 12    Int: 19    God:    Fedhas [**....]
Gold:   384        SH:  0    Dex: 14    Spells: 9/21 levels left

rFire    . . .     SeeInvis .   a - +2 dagger (venom)
rCold    + . .     Gourm    .   (no shield)
rNeg     . . .     Faith    .   r - +2 leather armour {rC+}
rPois    .         Spirit   .   (no helmet)
rElec    .         Reflect  .   (no cloak)
rCorr    .         Harm     .   d - +1 pair of gloves
MR       .....                  f - +2 pair of boots
Stlth    ++........             (no amulet)
HPRegen  0.20/turn              o - ring of magical power
MPRegen  0.21/turn              (no ring)

@: icy armour, very slightly contaminated, slow
A: no striking features
a: Fungal Bloom, Evolution, Sunlight, Renounce Religion


You were on level 8 of the Dungeon.
You worshipped Fedhas.
Fedhas was pleased with you.
You were not hungry.

You visited 1 branch of the dungeon, and saw 8 of its levels.

You collected 384 gold pieces.

Inventory:

Hand Weapons
 a - a +2 dagger of venom (weapon)
 b - a +0 scimitar
 w - a +0 trident
Missiles
 v - a throwing net (quivered)
Armour
 d - a +1 pair of gloves (worn)
 f - a +2 pair of boots (worn)
 r - a +2 leather armour of cold resistance (worn)
 y - a +2 robe
Jewellery
 o - a ring of magical power (left hand)
Wands
 i - a wand of iceblast (10)
Scrolls
 g - 2 scrolls of teleportation
 h - a scroll of fog
 m - 4 scrolls of remove curse
 s - 2 scrolls of amnesia
 t - a scroll of magic mapping {!r}
 z - a scroll of fear {!r}
Potions
 e - 2 potions of brilliance
 j - 4 potions of flight
 k - 3 potions of haste
 l - 2 potions of mutation {!q}
 n - 2 potions of curing
 p - a potion of heal wounds {unknown}
 q - a potion of degeneration {unknown}
 u - a potion of magic {unknown}
Comestibles
 c - 13 rations
 x - 5 chunks of flesh


   Skills:
 - Level 2.0 Dodging
 - Level 2.0 Stealth
 + Level 6.4 Spellcasting
 + Level 6.3 Conjurations
 - Level 3.0 Charms
 - Level 3.3 Summonings
 * Level 10.1 Ice Magic


You had 9 spell levels left.
You knew the following spells:

 Your Spells              Type           Power        Failure   Level  Hunger
a - Freeze                Ice            ####         1%          1    None
b - Throw Icicle          Conj/Ice       #####...     5%          4    ####...
c - Ozocubu's Armour      Chrm/Ice       ####....     3%          3    ##.....
d - Summon Ice Beast      Ice/Summ       ####....     10%         4    ####...


Dungeon Overview and Level Annotations

Branches:
Dungeon (8/15)             Temple (0/1) D:5
   Lair: D:8-11

Altars:
Ashenzari
Elyvilon
Fedhas
Makhleb
Nemelex Xobeh
Ru
Uskayaw
Yredelemnul

Shops:
D:4 [


Message History

You freeze the killer bee.
The killer bee is moderately wounded.
You feel sick. The killer bee stings you.
* * * LOW HITPOINT WARNING * * *
You are more poisoned.
The killer bee poisons you! The killer bee barely misses you.
You take 2 damage, and have 20/63 hp.
You hit the killer bee.
The killer bee is poisoned.
The killer bee is severely wounded.
You feel sick. The killer bee closely misses you. x2
You take 2 damage, and have 18/63 hp.
You swap places.
You feel sick.
You kill the killer bee!
Items here: )) [[ ÷ a club; a shield; a dagger; a robe; an orc skeleton You take 1 damage, and have 17/63 hp.
Nothing appears to happen.
You feel sick.
The killer bee completely misses your wandering mushroom.
Your wandering mushroom misses the killer bee.
You take 2 damage, and have 15/63 hp.
You feel sick.
The killer bee stings your wandering mushroom!
The killer bee stings your wandering mushroom.
Your wandering mushroom misses the killer bee.
You feel sick.
The killer bee stings your wandering mushroom. x2
Your wandering mushroom closely misses the killer bee.
You take 1 damage, and have 14/63 hp.
You swap places.
You feel sick.
The killer bee stings you but does no damage. x2
You take 1 damage, and have 13/63 hp.
You hit the killer bee.
The killer bee is poisoned.
The killer bee is lightly wounded.
You feel sick. The killer bee barely misses you. x2
You take 1 damage, and have 12/63 hp.
You hit the killer bee.
The killer bee is heavily wounded.
You feel sick.
The killer bee stings you but does no damage. x2
You take 1 damage, and have 11/63 hp.
You swap places.
You feel sick.
You kill the killer bee!
Items here: )) [[ ÷ a club; a shield; a dagger; a robe; an orc skeleton A toadstool grows from a nearby corpse.
Fedhas appreciates your contribution to the ecosystem.
You feel sick.
You take 1 damage, and have 10/63 hp.
You start resting.
Eating one of 6 chunks of flesh.
You eat one of the 6 chunks of flesh.
This raw flesh tastes terrible.
You feel sick. x7
A nearby toadstool withers and dies.
You feel sick.
Magic restored.
You take 5 damage, and have 5/63 hp.
MP restored: 28 You start resting.
You feel sick. x2
Your icy armour starts to melt.
You start resting.
You feel sick.
You are no longer poisoned.
You take 1 damage, and have 4/63 hp.
You start resting.
Your icy armour evaporates.
You start resting.
An ogre comes into view. It is wielding a giant club.
You regained 12 hp, and now have 17/63 hp.
Casting: Freeze
Confirm with . or Enter, or press ? or * to list all spells.
A film of ice covers your body!
You now have 25/28 mp.
You swap places.
Casting: Ozocubu's Armour
Confirm with . or Enter, or press ? or * to list all spells.
Aiming: Throw Icicle
Press: ? - help, Shift-Dir - straight line, f - ogre
Aim: an ogre, wielding a giant club The shard of ice hits the ogre.
The ogre is severely wounded.
You now have 21/28 mp.
Casting: Throw Icicle
Confirm with . or Enter, or press ? or * to list all spells.
Aiming: Throw Icicle
Press: ? - help, Shift-Dir - straight line, f/p - ogre
Aim: an ogre, wielding a giant club (severely wounded)
You miscast Throw Icicle.
You are very lightly contaminated with residual magic.
Wisps of condensation drift from your hands.
You now have 18/28 mp.
Casting: Throw Icicle
Confirm with . or Enter, or press ? or * to list all spells.
Aiming: Freeze
Press: ? - help, Shift-Dir - straight line, f/p - ogre
Aim: an ogre, wielding a giant club (severely wounded)
You freeze the ogre.
The ogre is severely wounded.
The ogre hits you with a giant club!!
You die...
Fedhas appreciates your contribution to the ecosystem.

..# #..... .....
#######...o##...###
#..........<..
#..........
#......). #$....)#
#...$))# #....O.#
#...)@## #....f#
#.....# #.....#
#######


You could see an orc warrior (wandering), an ogre and a friendly wandering
mushroom.

Vanquished Creatures
  A two-headed ogre (D:8)
  Psyche (D:8)
  Prince Ribbit (D:7)
  A hippogriff (D:7)
  The ghost of Frank the Skirmisher, an amateur OpFi (D:3)
  A black bear (D:6)
  An orc warrior (D:5)
  2 sky beasts (D:6)
  An ice beast (D:7)
  2 ogres
  4 bullfrogs
  A wyvern skeleton (D:6)
  3 killer bees (D:8)
  A scorpion (D:7)
  A howler monkey (D:4)
  4 wights (D:6)
  A hound (D:4)
  4 orc priests (D:8)
  A bullfrog skeleton (D:5)
  6 iguanas
  4 orc wizards
  5 worker ants
  A hound skeleton (D:8)
  2 worker ant zombies
  4 gnolls (D:6)
  8 adders
  A shadow imp (D:8)
  2 oozes
  A worm (D:3)
  3 leopard geckos
  15 orcs
  2 ball pythons
  8 bats
  3 giant cockroaches
  9 goblins
  3 hobgoblins
  11 jackals
  17 kobolds
  4 quokkas
  2 frilled lizards
  A leopard gecko skeleton (D:3)
  3 rats
147 creatures vanquished.

Vanquished Creatures (collateral kills)
  An ice beast (D:7)
  An ogre (D:6)
  A wyvern skeleton (D:7)
  A worker ant (D:6)
  An adder (D:8)
  An orc (D:8)
6 creatures vanquished.

Vanquished Creatures (others)
  2 wandering mushrooms
  A quokka (D:3)
  57 toadstools
60 creatures vanquished.

Grand Total: 213 creatures vanquished

Notes
Turn   | Place    | Note
-------+----------+-------------------------------------------
     0 | D:1      | Monsterracer the Human Ice Elementalist began the quest for the Orb.
     0 | D:1      | Reached XP level 1. HP: 13/13 MP: 3/3
    93 | D:1      | HP: 6/13 [goblin/dagger (4)]
   413 | D:1      | Reached XP level 2. HP: 11/19 MP: 3/5
  1116 | D:1      | Reached XP level 3. HP: 24/24 MP: 4/6
  1121 | D:1      | Learned a level 3 spell: Ozocubu's Armour
  1842 | D:2      | Reached skill level 4 in Ice Magic
  1895 | D:2      | Reached XP level 4. HP: 28/30 MP: 4/7
  1987 | D:2      | Found a faded altar of an unknown god.
  1993 | D:2      | Became a worshipper of Fedhas Madash
  1993 | D:2      | Reached * piety under Fedhas
  2179 | D:2      | Found a sparkling altar of Nemelex Xobeh.
  2402 | D:3      | Learned a level 4 spell: Throw Icicle
  2705 | D:3      | Reached XP level 5. HP: 35/35 MP: 9/9
  2977 | D:3      | Found a burning altar of Makhleb.
  2987 | D:3      | Found a white marble altar of Elyvilon.
  3087 | D:3      | Noticed Frank's ghost (amateur OpFi)
  3111 | D:3      | Killed Frank's ghost
  3111 | D:3      | Reached skill level 5 in Ice Magic
  3207 | D:3      | Found a basalt altar of Yredelemnul.
  3316 | D:3      | Reached XP level 6. HP: 37/41 MP: 10/10
  3503 | D:4      | HP: 20/41 [poisoned by a worker ant]
  3510 | D:4      | HP: 19/41 [poisoned by a worker ant]
  3518 | D:4      | HP: 18/41 [poisoned by a worker ant]
  4367 | D:4      | Reached XP level 7. HP: 32/46 MP: 6/12
  4394 | D:4      | Reached skill level 6 in Ice Magic
  4626 | D:4      | Found Goirungu's Antique Armour Boutique.
  4915 | D:4      | Reached ** piety under Fedhas
  4944 | D:5      | Entered Level 5 of the Dungeon
  4957 | D:4      | Learned a level 4 spell: Summon Ice Beast
  5042 | D:5      | Found a staircase to the Ecumenical Temple.
  5912 | D:5      | HP: 17/46 [orc warrior/scimitar (11)]
  6224 | D:6      | HP: 23/46 [wyvern skeleton (6)]
  6448 | D:6      | Reached XP level 8. HP: 52/52 MP: 14/14
  6662 | D:6      | Reached skill level 7 in Ice Magic
  7008 | D:6      | HP: 23/52 [ogre/giant club (18)]
  7494 | D:6      | Reached skill level 5 in Spellcasting
  7609 | D:6      | Reached skill level 8 in Ice Magic
  7673 | D:6      | HP: 24/52 [wight/short sword (3)]
  7674 | D:6      | HP: 10/52 [wight/enchanted mace (8)]
  7695 | D:6      | HP: 8/52 [wight/enchanted spear (6)]
  8052 | D:6      | Reached XP level 9. HP: 53/57 MP: 2/16
  8650 | D:7      | Reached skill level 1 in Charms
  8650 | D:7      | Reached skill level 1 in Summonings
  8728 | D:7      | Noticed a hippogriff
  8736 | D:7      | Killed a hippogriff
  8736 | D:7      | Reached skill level 5 in Conjurations
  8755 | D:7      | HP: 28/57 [iguana (5)]
  8759 | D:7      | Noticed Prince Ribbit
  8768 | D:7      | Killed Prince Ribbit
  9156 | D:7      | Reached skill level 9 in Ice Magic
  9244 | D:7      | Found a shattered altar of Ashenzari.
  9338 | D:7      | Found a sacrificial altar of Ru.
  9339 | D:7      | Found a hide-covered altar of Uskayaw.
  9452 | D:8      | HP: 27/57 [orc priest/divine providence (12)]
  9627 | D:8      | Noticed Psyche
  9652 | D:8      | Noticed a two-headed ogre
  9665 | D:8      | Killed a two-headed ogre
  9665 | D:8      | Reached XP level 10. HP: 36/63 MP: 12/18
  9669 | D:8      | HP: 31/63 [Psyche/dagger of distortion (6)]
  9674 | D:8      | HP: 25/63 [Psyche/dagger of distortion (4)]
  9676 | D:8      | Killed Psyche
  9690 | D:8      | HP: 21/63 [orc wizard/puff of flame (7)]
  9695 | D:8      | HP: 18/63 [orc/short sword (4)]
  9807 | D:8      | HP: 30/63 [adder (3)]
  9869 | D:8      | HP: 23/63 [orc priest/divine providence (14)]
  9871 | D:8      | HP: 11/63 [orc priest/divine providence (12)]
  9964 | D:8      | Reached skill level 10 in Ice Magic
 10001 | D:8      | HP: 31/63 [bullfrog (6)]
 10045 | D:8      | HP: 31/63 [poisoned by a killer bee]
 10050 | D:8      | HP: 18/63 [poisoned by a killer bee]
 10055 | D:8      | HP: 13/63 [poisoned by a killer bee]
 10060 | D:8      | HP: 9/63 [poisoned by a killer bee]
 10065 | D:8      | HP: 7/63 [poisoned by a killer bee]
 10071 | D:8      | HP: 5/63 [poisoned by a killer bee]
 10079 | D:8      | HP: 5/63 [poisoned by a killer bee]
 10087 | D:8      | HP: 4/63 [poisoned by a killer bee]
 10155 | D:8      | Slain by an ogre

Skill      XL: |  1  2  3  4  5  6  7  8  9 10 |
---------------+-------------------------------+-----
Ice Magic      | 4 5 6 8 9 10 | 10.1
Spellcasting   | 3 4 5 6 |  6.4
Conjurations   | 2 3 4 5 6 |  6.3
Charms         | 3 |  3.0
Summonings     | 2 3 |  3.3
Dodging        | |  2.0
Stealth        | |  2.0

Action                   |  1- 3 |  4- 6 |  7- 9 | 10-12 || total
-------------------------+-------+-------+-------+-------++-------
Melee: Spear             |    68 |    66 |       |       ||   134
       Rapier            |       |     6 |       |       ||     6
       Dagger            |       |       |   110 |    10 ||   120
       Trident           |       |       |    12 |       ||    12
       Scimitar          |       |       |    37 |       ||    37
 Cast: Freeze            |    35 |    68 |   119 |    27 ||   249
       Ozocubu's Armour  |       |     2 |     6 |     4 ||    12
       Throw Icicle      |       |       |    26 |     8 ||    34
Invok: Fungal Bloom      |       |    12 |    13 |     8 ||    33
       Evolution         |       |     1 |     1 |     1 ||     3
  Use: Scroll            |       |     5 |    12 |     1 ||    18
 Stab: Sleeping          |     5 |     4 |     2 |       ||    11
       Distracted        |     1 |       |     1 |       ||     2
  Eat: Chunk             |     4 |     5 |    10 |     3 ||    22
       Ration            |       |     1 |     3 |       ||     4
Armor: Robe              |    24 |    32 |       |       ||    56
       Leather armour    |       |     4 |   112 |    23 ||   139
Dodge: Dodged            |    58 |   105 |   176 |    26 ||   365
       Rpst.: Scimitar   |       |       |    11 |       ||    11

Vault maps used:
D:1:      dpeg_arrival_tiny_e, hex_medium
D:2:      lemuel_doored_altar, chequers_ecumenical_altar_simple_redux,
          first_ration
D:3:      overflow_temple_1_default, yredelemnul_altar_generic, elyvilon_altar_4
D:4:      serial_shops, nicolae_shop_behind_doors
D:5:      minmay_temple_entry_statues_fountains
D:6:      serial_co_window_serial, co_window_corner_a, co_window_paths_b,
          co_window_corner_a, co_window_corner_a, co_window_corner_a,
          co_window_of_opportunity_a, co_window_paths_a,
          co_window_unsneaky_path_d, co_window_broadway_a,
          co_window_of_opportunity_b, co_window_corner_b, co_window_broadway_b,
          co_window_corner_cb, co_window_4corner_a, glass_columns_a,
          glass_columns_b, glass_columns_a
D:7:      kennysheep_little_box, gammafunk_temple_overflow_pools,
          grunt_ogre_cave, uniq_prince_ribbit1
D:8:      nicolae_overflow_hidden_temple, minitemple, uniq_psyche
